 Dungeon Crawl Stone Soup version 0.17.0-73-gb648821 (webtiles) character file.

6859 panicbit the Blocker (level 10, -2/90 HPs)
             Began as a Minotaur Fighter on Dec 10, 2015.
             Was an Elder of Okawaru.
             Slain by a yak (11 damage)
             ... on level 9 of the Dungeon.
             The game lasted 00:21:22 (7230 turns).

panicbit the Blocker (Minotaur Fighter)             Turns: 7230, Time: 00:21:25

Health: -2/90      AC: 11    Str: 22    XL:     10   Next: 78%
Magic:  9/9        EV: 13    Int:  8    God:    Okawaru [****..]
Gold:   514        SH: 12    Dex: 12    Spells: 0 memorised, 9 levels left

rFire  x . .     SeeInvis .     L - +1 hand axe of Ancient Evil {freeze, MR+} (curse)
rCold  . . .     Clarity  .     y - +5 leather armour of Honesty {rPois rF- MR+++ Int+3}
rNeg   . . .     SustAt   .     c - +0 shield
rPois  +         Gourm    .     (helmet restricted)
rElec  .         Spirit   .     j - +0 cloak (curse)
rCorr  .         Warding  .     (no gloves)
rMut   .         Stasis   .     C - +0 pair of boots
MR     ++++.                    K - amulet of faith
Stlth  ++........               q - +3 ring of slaying
                                P - -2 ring of evasion (curse)

@: incredibly resistant to hostile enchantments, unstealthy
A: retaliatory headbutt, horns 2
a: Heroism, Renounce Religion


You were on level 9 of the Dungeon.
You worshipped Okawaru.
Okawaru was greatly pleased with you.
You were hungry.

You visited 2 branches of the dungeon, and saw 10 of its levels.

You collected 514 gold pieces.

Inventory:

Hand Weapons
 a - a +0 war axe
 L - the cursed +1 hand axe of Ancient Evil (weapon) {freeze, MR+}
   (You found it on level 7 of the Dungeon)

   It has been specially enchanted to freeze those struck by it, causing extra
   injury to most foes and up to half again as much damage against particularly
   susceptible opponents.
   It can also slow down cold-blooded creatures.
   It affects your resistance to hostile enchantments.
   It has a curse placed upon it.
Armour
 b - a +0 scale mail
 c - a +0 shield (worn)
 j - a cursed +0 cloak (worn)
 x - a cursed +0 plate armour
 y - the +5 leather armour of Honesty (worn) {rPois rF- MR+++ Int+3}
   (You found it on level 4 of the Dungeon)

   It affects your intelligence (+3).
   It makes you vulnerable to fire.
   It protects you from poison.
   It affects your resistance to hostile enchantments.
 C - a +0 pair of boots (worn)
 H - a +0 plate armour
Jewellery
 h - a +3 ring of dexterity
 q - a +3 ring of slaying (right hand)
 r - an uncursed ring of positive energy
 K - an amulet of faith (around neck)
 P - a cursed -2 ring of evasion (left hand)
Wands
 i - a wand of slowing (13)
 J - a wand of draining (8)
 O - a wand of disintegration (11)
Scrolls
 n - a scroll of recharging
 s - 3 scrolls of amnesia
 t - 2 scrolls of magic mapping
 B - a scroll of teleportation
 F - a scroll of enchant armour
 G - a scroll of fear
 M - a scroll of identify
 N - 2 scrolls of remove curse
 Q - a scroll of blinking
Potions
 d - a potion of might
 k - 2 potions of curing
 l - a potion of lignification {unknown}
 m - a potion of degeneration {unknown}
 o - 3 potions of agility
 p - a potion of resistance {unknown}
 u - 3 potions of invisibility {unknown}
 w - a potion of haste {unknown}
 A - 4 potions of heal wounds {unknown}
 D - 4 potions of brilliance {unknown}
 E - a potion of poison {unknown}
Books
 v - a book of Frost

   Spells                             Type                      Level
   a - Freeze                         Ice                          1
   b - Throw Frost                    Conjuration/Ice              2
   c - Ozocubu's Armour               Charms/Ice                   3
   d - Throw Icicle                   Conjuration/Ice              4
   e - Summon Ice Beast               Ice/Summoning                4
   f - Condensation Shield            Ice                          4
Comestibles
 e - 12 bread rations
 f - a beef jerky
 g - a royal jelly
 z - 5 fruits
 I - a meat ration


   Skills:
 + Level 8.6 Fighting
 + Level 9.4 Axes
 + Level 6.5 Armour
 + Level 9.7 Dodging
 + Level 3.3 Stealth
 + Level 10.0 Shields


You had 9 spell levels left.
You didn't know any spells.

Dungeon Overview and Level Annotations

Branches:
Dungeon (9/15)             Temple (1/1) D:7
   Lair: D:8-11         Orc: D:9-12

Altars:
Ashenzari
Cheibriados
Dithmenos
Elyvilon
Fedhas
Gozag
Kikubaaqudgha
Makhleb
Nemelex Xobeh
Okawaru
Qazlal
Ru
Sif Muna
Trog
Vehumet
Xom
Yredelemnul
Zin
The Shining One


Innate Abilities, Weirdness & Mutations

You reflexively headbutt those who attack you in melee.
You have a pair of horns on your head.


Message History

The yak is severely wounded.
You hit the yak. You freeze the yak.
The yak is almost dead.
The yak gores you!
* * * LOW HITPOINT WARNING * * *
The yak gores you!
* * * LOW HITPOINT WARNING * * *
You block the yak's attack.
You fail to use your ability.
You block the yak's attack. The yak closely misses you.
You furiously retaliate!
You headbutt the yak, but do no damage. The yak gores you.
* * * LOW HITPOINT WARNING * * *
You hit the yak. You freeze the yak.
The yak is almost dead.
You hit the yak. You freeze the yak.
The yak is severely wounded.
You hit the yak. You freeze the yak.
The yak is severely wounded.
The yak gores you!
You die...

#.##..#### ####
#.##### #...## ###.##
...... ##....#
......###.....##
...........##..#
........######.##
......Y)# #..#
......Y@# ##.##
......Y.# #..#
.$......# ##.##
........# #..#
.......## ####.#####
......# ###........##
.....# ###............
...##
####..............
#####.................


You could see 3 yaks.

Vanquished Creatures
  An ugly thing (D:9)
  The ghost of panicbit the Covered, an amateur MiFi (D:5)
  Prince Ribbit (D:6)
  A two-headed ogre (D:8)
  A spriggan (D:9)
  Sigmund (D:3)
  9 yaks (D:9)
  3 sky beasts
  An eye of draining (D:8)
  4 ice beasts
  3 phantoms (D:9)
  2 orc warriors
  3 centaurs (D:6)
  8 ogres
  A big kobold (D:9)
  3 giant frogs
  A gnoll sergeant (D:6)
  A wyvern skeleton (D:8)
  A water moccasin zombie (D:8)
  A scorpion (D:4)
  7 killer bees
  2 centaur zombies
  5 crimson imps
  6 hounds
  A quasit (D:8)
  Crazy Yiuf (D:2)
  5 orc priests
  Jessica (D:2)
  2 centaur skeletons
  2 iguanas
  4 orc wizards
  10 worker ants
  A killer bee zombie (D:9)
  A hound skeleton (D:7)
  4 gnolls (D:3)
  7 adders
  A shadow imp (D:5)
  2 oozes
  2 adder zombies
  26 orcs
  A ball python (D:3)
  6 bats
  6 hobgoblins
  6 jackals
  18 kobolds
  5 quokkas
  6 giant cockroaches
  7 giant geckos
  5 giant newts
  8 goblins
  4 rats
  A spectral orc (D:3)
210 creatures vanquished.

Notes
Turn   | Place    | Note
--------------------------------------------------------------
     0 | D:1      | panicbit the Minotaur Fighter began the quest for the Orb.
     0 | D:1      | Reached XP level 1. HP: 19/19 MP: 0/0
   344 | D:1      | Reached XP level 2. HP: 25/27 MP: 1/1
   345 | D:1      | Reached skill level 4 in Armour
   531 | D:2      | Reached XP level 3. HP: 19/33 MP: 2/2
   539 | D:2      | Reached skill level 1 in Dodging
   555 | D:2      | Noticed Jessica
   568 | D:2      | HP: 1/33 [Jessica/nerve-wracking pain (4)]
   869 | D:2      | Killed Jessica
   869 | D:2      | Reached XP level 4. HP: 40/40 MP: 3/3
   904 | D:2      | Found a faded altar to an unknown god.
  1209 | D:2      | Noticed Crazy Yiuf
  1216 | D:2      | Killed Crazy Yiuf
  1318 | D:3      | Reached XP level 5. HP: 46/46 MP: 4/4
  1328 | D:3      | Reached skill level 5 in Armour
  1428 | D:3      | Reached skill level 5 in Shields
  1442 | D:3      | Reached XP level 6. HP: 34/53 MP: 5/5
  1632 | D:3      | Found a basalt altar of Yredelemnul.
  1723 | D:3      | Noticed Sigmund
  1915 | D:3      | Killed Sigmund
  2007 | D:4      | Got a turquoise-encrusted leather armour
  2018 | D:4      | Identified the +5 leather armour of Honesty {rPois rF- MR+++ Int+3} (You found it on level 4 of the Dungeon)
  2216 | D:4      | Found a burning altar of Makhleb.
  2247 | D:4      | Reached skill level 5 in Fighting
  2247 | D:4      | Reached XP level 7. HP: 46/61 MP: 6/6
  2349 | D:4      | Found an opulent altar of Gozag.
  2461 | D:4      | Reached skill level 1 in Stealth
  2561 | D:5      | Entered Level 5 of the Dungeon
  2659 | D:5      | Reached skill level 6 in Shields
  2694 | D:5      | Found a blossoming altar of Fedhas.
  2694 | D:5      | Found an ancient bone altar of Kikubaaqudgha.
  3054 | D:5      | Found a white marble altar of Elyvilon.
  3078 | D:5      | Noticed panicbit's ghost (amateur MiFi)
  3090 | D:5      | Killed panicbit's ghost
  3090 | D:5      | Reached skill level 5 in Axes
  3172 | D:5      | Reached XP level 8. HP: 67/70 MP: 7/7
  3612 | D:6      | Noticed Prince Ribbit
  3639 | D:6      | Reached skill level 5 in Dodging
  3639 | D:6      | Reached skill level 7 in Shields
  3753 | D:6      | Killed Prince Ribbit
  4317 | D:6      | Reached XP level 9. HP: 78/78 MP: 8/8
  4760 | D:7      | Reached skill level 8 in Shields
  4895 | D:7      | Got a brightly glowing hand axe
  4896 | D:7      | Identified the cursed +1 hand axe of Ancient Evil {freeze, MR+} (You found it on level 7 of the Dungeon)
  5166 | D:7      | Found a staircase to the Ecumenical Temple.
  5185 | Temple   | Entered the Ecumenical Temple
  5213 | Temple   | Became a worshipper of Warmaster Okawaru
  5679 | D:7      | Found a stormy altar of Qazlal.
  5935 | D:8      | Reached * piety under Okawaru
  5935 | D:8      | Reached XP level 10. HP: 81/86 MP: 9/9
  5962 | D:8      | Reached skill level 9 in Shields
  6383 | D:9      | Reached ** piety under Okawaru
  6493 | D:9      | Reached *** piety under Okawaru
  6640 | D:9      | Noticed a red ugly thing
  6650 | D:9      | HP: 4/88 [red ugly thing (27)]
  6651 | D:9      | Killed a red ugly thing
  7222 | D:9      | Reached **** piety under Okawaru
  7228 | D:9      | Reached skill level 10 in Shields
  7230 | D:9      | Slain by a yak

Action                   |  1- 3 |  4- 6 |  7- 9 | 10-12 || total
-------------------------+-------+-------+-------+-------++-------
Melee: War axe           |    63 |   100 |   179 |       ||   342
       Hand axe          |       |       |    79 |   144 ||   223
  Use: Scroll            |       |     2 |     8 |       ||    10
 Stab: Sleeping          |       |       |     4 |     1 ||     5
  Eat: Chunk             |       |     5 |    11 |     4 ||    20
